 Dungeon Crawl Stone Soup version 0.17.0-9-g801d43b (console) character file.

13251 Snowclone the Cleaver (level 11, -2/88 HPs)
             Began as a Deep Dwarf Fighter on Nov 5, 2015.
             Was an Elder of Makhleb.
             Slain by a warg (7 damage)
             ... on level 11 of the Dungeon on Nov 9, 2015.
             The game lasted 01:16:19 (9439 turns).

Snowclone the Cleaver (Deep Dwarf Fighter)          Turns: 9439, Time: 01:16:19

Health: -2/88      AC: 15    Str: 19    XL:     11   Next: 73%
Magic:  18/18      EV:  8    Int: 10    God:    Makhleb [****..]
Gold:   605        SH: 11    Dex: 18    Spells: 0 memorised, 10 levels left

rFire  . . .     SeeInvis .     m - +1 war axe (flame)
rCold  . . .     Clarity  .     A - +3 chain mail
rNeg   . . .     SustAt   .     c - +0 shield
rPois  +         Gourm    .     T - +2 hat {MR+}
rElec  .         Spirit   .     (no cloak)
rCorr  .         Warding  .     (no gloves)
rMut   +         Stasis   .     (no boots)
MR     ++...                    Z - amulet of resist mutation (curse)
Stlth  ..........               y - ring of poison resistance
                                h - +3 ring of dexterity

@: lethally poisoned (-2 -> -2), non-regenerating, very resistant to hostile
enchantments, extremely unstealthy
A: damage resistance, recharge devices, sense surroundings 2, slow regeneration
3
a: Device Recharging, Minor Destruction, Lesser Servant of Makhleb, Major
Destruction, Renounce Religion


You were on level 11 of the Dungeon.
You worshipped Makhleb.
Makhleb was greatly pleased with you.
You were hungry.

You visited 2 branches of the dungeon, and saw 12 of its levels.
You also visited: Ice Cave.

You collected 605 gold pieces.

Inventory:

Hand Weapons
 a - a +1 war axe
 m - a +1 war axe of flaming (weapon)
Missiles
 v - 4 tomahawks (quivered)
Armour
 c - a +0 shield (worn)
 A - a +3 chain mail (worn)
 T - a +2 hat of magic resistance (worn)
Jewellery
 h - a +3 ring of dexterity (left hand)
 o - an uncursed ring of protection from fire
 y - a ring of poison resistance (right hand)
 D - an uncursed ring of see invisible
 Z - a cursed amulet of resist mutation (around neck)
Wands
 e - a wand of heal wounds (5)
 j - a wand of confusion (21)
 k - a wand of confusion (18)
 x - a wand of cold (4)
 E - a wand of frost (26)
 F - a wand of disintegration (17)
 I - a wand of slowing (31)
 J - a wand of frost (4)
 K - a wand of cold (3)
 P - a wand of disintegration (15)
 U - a wand of flame (6)
 X - a wand of teleportation (3)
Scrolls
 b - a scroll of amnesia
 i - 4 scrolls of remove curse
 l - 2 scrolls of enchant armour
 p - 2 scrolls of teleportation
 r - 2 scrolls of fear
 G - 4 scrolls of identify
 O - a scroll of enchant weapon
Potions
 d - 3 potions of might
 g - 6 potions of curing
 n - a potion of berserk rage {unknown}
 q - 3 potions of agility
 s - a potion of flight {unknown}
 z - 2 potions of cancellation
 C - a potion of mutation {unknown}
 M - a potion of brilliance {unknown}
 Q - a potion of poison {unknown}
 S - 2 potions of beneficial mutation {unknown}
 W - a potion of magic {unknown}
Comestibles
 f - 11 bread rations
 u - 3 meat rations
 w - 6 fruits
 B - 4 slices of pizza
 H - 5 beef jerkies


   Skills:
 - Level 2.6 Fighting
 * Level 14.6 Axes
 - Level 7.4 Armour
 - Level 4.5 Dodging
 - Level 6.0 Shields
 + Level 8.2 Invocations
 + Level 9.4 Evocations


You had 10 spell levels left.
You didn't know any spells.

Dungeon Overview and Level Annotations

Branches:
Dungeon (11/15)            Temple (1/1) D:7            Lair (0/8) D:10
    Orc: D:9-12

Altars:
Fedhas
Gozag
Makhleb
Trog
Vehumet
Xom
Zin
The Shining One

Shops:
D:7 *   D:11 (

Annotations:
D:5 Menkaure
D:6 DEFE's ghost, novice OpFi


Innate Abilities, Weirdness & Mutations

You are resistant to damage.
You can recharge devices by infusing magical energy.
You passively map the area around you.
You do not regenerate naturally.


Message History

The warg is severely wounded.
The warg bites you.
* * * LOW HITPOINT WARNING * * *
You slash the orc priest! You burn the orc priest.
You kill the orc priest!
Makhleb accepts your kill.
You hit the warg. You burn the warg.
The warg is almost dead.
You block the warg's attack.
An orc comes into view.
It is wielding a short sword of draining.
The orc shouts!
The warg bites you but does no damage.
You block the purple ugly thing's attack.
You see here a goblin corpse.
The centaur shouts!
The centaur shoots an arrow.
You block the arrow.
Items here: ( ) ? † an arrow; a war axe; a scroll of identify; an orc corpse The warg bites you!
You die...

#.# #.# #.# #.# #.# #.# #.#
###########<##############*
** *
..........[..)..@h........
#################u........
, , .# #####.†.######### *
..l , , ..........(......#
...., , ,
..##.....)(......# ...c(.
,, #...o##).......* ......
.......##........ ..##.. ,
, ................. , .. ,,
.c.)........##....


You could see a purple ugly thing, a warg and an orc.

Vanquished Creatures
  Erolcha (D:10)
  The ghost of DEFE the Shield-Bearer, a novice OpFi of Vehumet (D:8)
  Nergalle (D:10)
  A centaur skeleton (D:7)
  A two-headed ogre (D:9)
  8 polar bears (IceCv)
  16 yaks
  2 deep elf magi (D:10)
  Eustachio (D:6)
  A hippogriff (D:11)
  A human (D:8)
  Grum (D:8)
  A hog (D:8)
  A warg (D:11)
  3 hungry ghosts
  10 wolves
  Duvessa (D:5)
  An ice beast (D:10)
  3 necrophages
  A phantom (D:9)
  2 black bears
  3 ogres
  5 centaurs
  3 sky beasts
  4 big kobolds
  5 giant frogs
  Blork the orc (D:6)
  Dowan (D:5)
  5 scorpions
  An electric eel (D:9)
  A vampire bat (D:3)
  A wight (D:5)
  3 crimson imps
  7 orc wizards
  A centaur zombie (D:8)
  2 giant frog zombies
  5 hounds
  A jelly (D:7)
  4 worker ants
  A gnoll shaman (D:8)
  7 orc priests
  An iguana (D:9)
  2 sheep (D:8)
  A hound skeleton (D:8)
  A worker ant zombie (D:6)
  8 gnolls (D:8)
  8 adders
  2 worms
  2 adder skeletons
  3 fire bats (D:3)
  A giant gecko (D:2)
  30 orcs
  2 spectral bats (D:3)
  A bat simulacrum (D:3)
  3 bat skeletons (D:3)
  A bat zombie (D:3)
  2 giant cockroaches
  16 hobgoblins
  11 jackals
  17 kobolds
  4 quokkas
  2 ball pythons (D:3)
  14 bats
  4 giant newts
  5 goblins
  A quokka zombie (D:5)
  11 rats
272 creatures vanquished.

Vanquished Creatures (collateral kills)
  A hill giant (D:10)
1 creature vanquished.

Vanquished Creatures (others)
  A kobold (D:9)
  15 plants (D:8)
  5 toadstools (D:1)
21 creatures vanquished.

Grand Total: 294 creatures vanquished

Notes
Turn   | Place    | Note
--------------------------------------------------------------
     0 | D:1      | Snowclone the Deep Dwarf Fighter began the quest for the Orb.
     0 | D:1      | Reached XP level 1. HP: 20/20 MP: 1/1
   170 | D:1      | Reached XP level 2. HP: 21/27 MP: 2/2
   615 | D:2      | Reached skill level 1 in Dodging
   668 | D:2      | Reached skill level 4 in Shields
   849 | D:2      | Reached XP level 3. HP: 19/33 MP: 3/3
  1441 | D:3      | Reached XP level 4. HP: 20/40 MP: 4/4
  1664 | D:4      | Found a bloodstained altar of Trog.
  1965 | D:5      | Entered Level 5 of the Dungeon
  2022 | D:6      | Got a steaming robe
  2064 | D:5      | Reached XP level 5. HP: 31/46 MP: 5/5
  2149 | D:5      | Noticed Duvessa
  2149 | D:5      | Noticed Dowan
  2431 | D:5      | Reached skill level 5 in Shields
  2438 | D:5      | Reached XP level 6. HP: 49/55 MP: 6/6
  2521 | D:5      | Found a burning altar of Makhleb.
  2539 | D:5      | Became a worshipper of Makhleb the Destroyer
  2756 | D:3      | Reached skill level 5 in Axes
  2938 | D:3      | Reached * piety under Makhleb
  3543 | D:5      | Killed Dowan
  3550 | D:5      | Killed Duvessa
  3550 | D:5      | Reached XP level 7. HP: 26/61 MP: 7/7
  3620 | D:5      | You fall through a shaft for 3 floors!
  3624 | D:8      | Reached skill level 6 in Axes
  3647 | D:8      | Noticed Grum
  3886 | D:6      | Noticed DEFE's ghost (novice OpFi)
  3913 | D:6      | Noticed a centaur
  4067 | D:5      | Noticed Menkaure
  4255 | D:5      | Reached skill level 1 in Evocations
  4384 | D:6      | Noticed Blork the orc
  4385 | D:6      | Noticed Eustachio
  4409 | D:6      | Killed Blork the orc
  4409 | D:6      | Reached skill level 7 in Axes
  4422 | D:6      | Killed Eustachio
  4422 | D:6      | Reached XP level 8. HP: 37/68 MP: 9/9
  4629 | D:6      | Noticed an ogre
  4635 | D:6      | Killed an ogre
  4666 | D:6      | Killed a centaur
  4687 | D:6      | Reached skill level 8 in Axes
  4727 | D:7      | Reached ** piety under Makhleb
  4904 | D:7      | Reached skill level 5 in Armour
  4932 | D:7      | Found an opulent altar of Gozag.
  4935 | D:7      | Found Gozag's Platinum Reserve.
  4988 | D:7      | Noticed a yak
  4998 | D:7      | Noticed a yak
  5000 | D:7      | Killed a yak
  5000 | D:7      | Reached skill level 9 in Axes
  5003 | D:7      | Killed a yak
  5003 | D:7      | Gained mutation: You passively map the area around you. [Deep Dwarf growth]
  5003 | D:7      | Reached XP level 9. HP: 34/74 MP: 12/12
  5011 | D:7      | Noticed a yak
  5015 | D:7      | Noticed a yak
  5021 | D:7      | Noticed a yak
  5023 | D:7      | Killed a yak
  5029 | D:7      | Killed a yak
  5033 | D:7      | Killed a yak
  5033 | D:7      | Reached skill level 10 in Axes
  5156 | D:7      | Found a staircase to the Ecumenical Temple.
  5174 | Temple   | Entered the Ecumenical Temple
  5228 | D:7      | Noticed a centaur skeleton
  5237 | D:7      | Killed a centaur skeleton
  5375 | D:8      | Noticed a hog
  5375 | D:8      | Noticed a yak
  5375 | D:8      | Noticed a human
  5384 | D:8      | Killed a hog
  5387 | D:8      | Reached skill level 11 in Axes
  5394 | D:8      | Killed a human
  5404 | D:8      | Killed a yak
  5443 | D:8      | Noticed DEFE's ghost (novice OpFi)
  5742 | D:8      | Reached *** piety under Makhleb
  5789 | D:8      | Found a shimmering altar of Xom.
  5789 | D:8      | Found a glowing golden altar of the Shining One.
  6029 | D:8      | Killed DEFE's ghost
  6029 | D:8      | Reached skill level 12 in Axes
  6029 | D:8      | Reached skill level 5 in Evocations
  6029 | D:8      | Reached XP level 10. HP: 81/81 MP: 13/13
  6340 | D:8      | Reached **** piety under Makhleb
  6463 | D:8      | Killed Grum
  6606 | D:9      | Upgraded the game from 0.17-b1-25-g6d8775f to 0.17-b1-36-g7b1967c
  6797 | D:9      | Upgraded the game from 0.17-b1-36-g7b1967c to 0.17.0-1-g61d176b
  6808 | D:9      | Upgraded the game from 0.17.0-1-g61d176b to 0.17.0-9-g801d43b
  7049 | D:9      | Found a radiant altar of Vehumet.
  7332 | D:10     | Entered Level 10 of the Dungeon
  7342 | D:10     | Reached skill level 13 in Axes
  7342 | D:10     | Reached skill level 5 in Invocations
  7426 | D:10     | Noticed a hill giant
  7442 | D:10     | Killed a hill giant
  7530 | D:10     | Found a staircase to the Lair.
  7817 | D:10     | Noticed Erolcha
  7818 | D:10     | Noticed Nergalle
  7824 | D:10     | Killed Erolcha
  7824 | D:10     | Reached XP level 11. HP: 81/88 MP: 16/16
  7846 | D:10     | Killed Nergalle
  8386 | D:11     | Noticed a hill giant
  8521 | D:11     | Found a frozen archway.
  8530 | IceCv    | Entered an ice cave
  8708 | IceCv    | Reached skill level 14 in Axes
  9226 | D:11     | Found Xaatall's Weapon Shop.
  9439 | D:11     | Slain by a warg

Action                   |  1- 3 |  4- 6 |  7- 9 | 10-12 || total
-------------------------+-------+-------+-------+-------++-------
Melee: War axe           |   120 |   139 |   345 |   525 ||  1129
Throw: Tomahawk          |       |     1 |    25 |    12 ||    38
Invok: Lesser Servant of |       |       |       |     6 ||     6
       Minor Destruction |       |       |       |     3 ||     3
Evoke: Wand              |       |     5 |     4 |     4 ||    13
  Use: Scroll            |     7 |     7 |     5 |     4 ||    23
       Potion            |       |     1 |     2 |       ||     3
 Stab: Distracted        |       |       |       |     1 ||     1
  Eat: Chunk             |     2 |     7 |     9 |    12 ||    30
       Pizza             |       |       |       |     4 ||     4
